 Dungeon Crawl Stone Soup version 0.31-a0-339-gda1cbd555d (webtiles) character file.

Game seed: 11464438284266207781

7583 AIAndy the Fighter (level 11, -18/85 HPs)
             Began as a Djinni Fire Elementalist on July 20, 2023.
             Was a Believer of Makhleb.
             Demolished by a boulder beetle (19 damage)
             ... on level 9 of the Dungeon.
             The game lasted 00:42:27 (7630 turns).

AIAndy the Fighter (Djinni Fire Elementalist)       Turns: 7630, Time: 00:42:27

Health: -18/85     AC:  9    Str:  7    XL:     11   Next: 39%
Gold:   122        EV: 13    Int: 26    God:    Makhleb [**....] SH:  0 Dex: 15

rFire   + . .        (no weapon)
rCold   . . .        l - orb {light}
rNeg    . . .        z - +0 acid dragon scales
rPois   ∞            f - +2 helmet
rElec   .            (no cloak)
rCorr   +            (no gloves)
SInv    .            (boots unavailable)
Will    +....        (no amulet)
Stlth   +            I - +6 ring of intelligence
HPRegen 0.34/turn    C - ring of ice
MPRegen 0.00/turn

%: infuse magic (-19 HP)
@: about to teleport, flying, hasted, glowing, very quick
A: sickness immunity, fire resistance 2, cold vulnerability 1, float, innate
caster, HP casting, extra vitality 1
a: Renounce Religion, Minor Destruction


You were on level 9 of the Dungeon.
You worshipped Makhleb.
Makhleb was pleased with you.
You visited 2 branches of the dungeon, and saw 10 of its levels.
You also visited: Ossuary.

You collected 564 gold pieces.
You spent 442 gold pieces at shops.


Innate Abilities, Weirdness & Mutations

You are immune to sickness and miasma.
You are immune to poison.
Your flesh is very heat resistant. (rF++)
You are vulnerable to cold. (rC-)
You float through the air rather than walking.
You learn spells naturally, not from books.
Your magical power is your life essence.
You have superior vitality. (+4 MHP)


   Skills:
 - Level 10.2 Fighting
 + Level 1.9 Armour
 + Level 5.6 Dodging
 - Level 1.5 Stealth
 + Level 9.9 Spellcasting
 + Level 9.9 Conjurations
 + Level 9.9 Hexes
   Level 0.0 Charms
 + Level 9.9 Summonings
 + Level 9.9 Necromancy
 + Level 9.9 Translocations
 + Level 9.9 Transmutations
 + Level 9.9 Fire Magic
 + Level 9.9 Ice Magic
 + Level 9.9 Air Magic
 + Level 9.9 Earth Magic
 + Level 9.9 Poison Magic


You knew the following spells:

 Your Spells              Type           Power      Damage    Failure   Level
a - Flame Wave            Conj/Fire      59%        2d14      1%          4
b - Iskenderun's Battles  Conj           59%        2d11      4%          5
e - Passwall              Tmut/Erth      49%        N/A       1%          2
f - Inner Flame           Hex/Fire       59%        N/A       1%          3
g - Gell's Gravitas       Tloc           59%        N/A       1%          3
m - Iskenderun's Mystic   Conj/Tloc      59%        2d12      1%          4
z - Freeze                Ice            100%       1d10      1%          1
X - Foxfire               Conj/Fire      100%       2x1d9     1%          1
Y - Scorch                Fire           100%       2d9       1%          2
Z - Volatile Blastmotes   Fire/Tloc      100%       2d18      1%          3
Your spell library was empty.

Inventory:

Hand Weapons
 y - a +2 broad axe of flaming
 B - a +6 falchion
 K - a +2 whip of freezing
Armour
 f - a +2 helmet (worn)
 k - a +0 kite shield
 l - an orb of light (worn)
 z - +0 acid dragon scales (worn)
 G - a +0 buckler
 L - a +2 robe of cold resistance
Magical Staves
 N - a staff of earth
Jewellery
 v - a ring of see invisible
 C - a ring of ice (right hand)
 I - a +6 ring of intelligence (left hand)
Wands
 A - a wand of iceblast (26)
Scrolls
 d - 2 scrolls of fog
 e - a scroll of blinking {unknown}
 g - a scroll of poison {unknown}
 h - a scroll of enchant weapon
 i - a scroll of revelation
 q - a scroll of silence {unknown}
 u - a scroll of enchant armour {unknown}
 w - a scroll of summoning {unknown}
 E - a scroll of vulnerability {unknown}
 H - a scroll of brand weapon {unknown}
 J - a scroll of immolation {unknown}
 M - 2 scrolls of fear {unknown}
Potions
 c - 5 potions of curing {@q1}
 j - 5 potions of mutation {!q}
 m - 2 potions of berserk rage {!q}
 n - 2 potions of cancellation
 o - 2 potions of lignification {!q}
 p - 2 potions of attraction {!q}
 r - a potion of magic {unknown}
 s - 2 potions of enlightenment
 t - 2 potions of brilliance
 x - 2 potions of ambrosia
 D - a potion of haste {@q3}
 F - 2 potions of might
 O - a potion of resistance

Dungeon Overview and Level Annotations

Branches:
Dungeon (9/15)             Temple (1/1) D:5            Lair (0/5) D:9
Ossuary (visited)
    Orc: D:9-12

Altars:
Ashenzari
Cheibriados
Elyvilon
Gozag
Hepliaklqana
Makhleb
Ru
Trog
Uskayaw
Xom
Yredelemnul
Zin
The Shining One

Shops:
D:1 : D:9

! * #.# #.#
############### #.#
############### #.#
###############
*,*▓▓▓▓▓▓▓▓▓▓######
*,,+...▓}:+⌠▓######
***▓...▓}:▓▓▓######
▓..H▓°.✱.▓######
▓.(B▓.°B@▓######
▓!..▓▓▓▓+▓######
▓....Q...▓######
▓........▓######
▓........▓######
▓▓▓▓▓▓▓▓▓▓######
###############
###############


You could see a boulder beetle (rolling, ally target) and a friendly
battlesphere.


Message History

Casting: Scorch (safe; 1% risk of failure)
Confirm with . or Enter, or press ? or * to list all spells.
You don't have enough health to cast this spell.
Aiming: Iceblast
Press: ? - help, Shift-Dir - straight line, f - boulder beetle
Aim: a boulder beetle (heavily wounded, haloed)
The mass of ice explodes!
The iceblast engulfs the boulder beetle but does no damage.
The boulder beetle is heavily wounded.
You hear a shout!
The boulder beetle curls into a ball and begins rolling!
As you read the scroll of teleportation {@r4}, it crumbles to dust.
You feel strangely unstable.
As you read the scroll labelled BEIBBARCHYF, it crumbles to dust.
You feel aware of your surroundings.
You sensed 4 altars.
It was a scroll of revelation.
You need no library to learn spells.
Casting: Scorch (safe; 1% risk of failure)
Confirm with . or Enter, or press ? or * to list all spells.
Aiming: Freeze (safe; 1% risk of failure)
Press: ? - help, Shift-Dir - straight line, f/p - boulder beetle
Aim: a boulder beetle (heavily wounded, rolling, haloed)
You feel a surge of power!
You freeze the boulder beetle!
The boulder beetle is severely wounded.
* * * LOW HITPOINT WARNING * * *
Your battlesphere fires!
The barrage of energy hits the boulder beetle!
The boulder beetle is almost dead.
The boulder beetle hits you!!
You die...

Skill      XL: |  1  2  3  4  5  6  7  8  9 10 11 |
---------------+----------------------------------+-----
Spellcasting   | 4 5 6 7 8 9 |  9.9
Conjurations   | 4 5 6 7 8 9 |  9.9
Hexes          | 4 5 6 7 8 9 |  9.9
Summonings     | 4 5 6 7 8 9 |  9.9
Necromancy     | 4 5 6 7 8 9 |  9.9
Translocations | 4 5 6 7 8 9 |  9.9
Transmutations | 4 5 6 7 8 9 |  9.9
Fire Magic     | 4 5 6 7 8 9 |  9.9
Ice Magic      | 4 5 6 7 8 9 |  9.9
Air Magic      | 4 5 6 7 8 9 |  9.9
Earth Magic    | 4 5 6 7 8 9 |  9.9
Poison Magic   | 4 5 6 7 8 9 |  9.9
Fighting       | 2 4 6 8 10 | 10.2
Dodging        | 3 5 |  5.6
Armour         | 1 |  1.9
Stealth        | |  1.5

Action                     |  1- 3 |  4- 6 |  7- 9 | 10-12 || total
---------------------------+-------+-------+-------+-------++-------
  Melee: Unarmed           |     1 |       |       |       ||     1
   Cast: Foxfire           |    80 |    53 |    61 |    57 ||   251
         Scorch            |     2 |    41 |    57 |    33 ||   133
         Freeze            |       |     1 |       |     1 ||     2
         Flame Wave        |       |       |     1 |     8 ||     9
         Gell's Gravitas   |       |       |     4 |    10 ||    14
         Iskenderun's Myst |       |       |       |     8 ||     8
         Iskenderun's Batt |       |       |       |     4 ||     4
  Evoke: Wand              |       |       |       |     1 ||     1
    Use: Scroll            |       |     6 |     3 |     5 ||    14
         Potion            |       |       |       |     3 ||     3
 Armour: Robe              |     3 |     4 |     2 |       ||     9
         Acid dragon scale |       |       |     3 |    19 ||    22
  Dodge: Dodged            |    10 |    15 |    26 |    37 ||    88

Levels and vault maps discovered:
D:1:      mainiacjoe_arrival_reflecting_pool, layout_basic,
          shapermc_ecumenical_altar_venn, serial_shops, nicolae_shop_mannequins,
          st_stairs_1, due_unseen_surprise
D:2:      layout_loops_corners
D:3:      layout_basic, serial_glass, glass_columns_b, glass_columns_c
D:4:      layout_rooms, uniq_natasha
D:5:      layout_basic, minmay_temple_entry_mini_moons,
          chequers_ossuary_entry_cave
D:6:      layout_gridville, uniq_maggie, uniq_menkaure
D:7:      layout_loops_ring, mainiacjoe_overflow_cross_hatched,
          mrwooster_statue_mirror, uniq_pikel
D:8:      layout_cave_pods, uniq_prince_ribbit1, uniq_erica
D:9:      minmay_shrinking_squares, layout_cross,
          nicolae_overflow_hallway_of_the_gods, lair_entry_dummy, serial_shops,
          nicolae_lakefront_shop, onia_ninara_dug_in_and_dangerous
Temple:   nicolae_temple_no_exploring_needed

Notes
Turn   | Place    | Note
-------+----------+-------------------------------------------
     0 | D:1      | Reached skill level 3 in Spellcasting
     0 | D:1      | Reached skill level 3 in Conjurations
     0 | D:1      | Reached skill level 3 in Hexes
     0 | D:1      | Reached skill level 3 in Summonings
     0 | D:1      | Reached skill level 3 in Necromancy
     0 | D:1      | Reached skill level 3 in Translocations
     0 | D:1      | Reached skill level 3 in Transmutations
     0 | D:1      | Reached skill level 3 in Fire Magic
     0 | D:1      | Reached skill level 3 in Ice Magic
     0 | D:1      | Reached skill level 3 in Air Magic
     0 | D:1      | Reached skill level 3 in Earth Magic
     0 | D:1      | Reached skill level 3 in Poison Magic
     0 | D:1      | AIAndy the Djinni Fire Elementalist began the quest for the
                  | Orb.
     0 | D:1      | AIAndy set off with the following spells memorised:
                  | Foxfire, Scorch, Volatile Blastmotes, Inner Flame, Flame
                  | Wave.
     0 | D:1      | Reached XP level 1. HP: 15/15 MP: 0/0
    72 | D:1      | Reached XP level 2. HP: 19/21 MP: 0/0
   118 | D:1      | Found a faded altar of an unknown god.
   203 | D:1      | Reached XP level 3. HP: 14/25 MP: 0/0
   203 | D:1      | Learned a level 1 spell: Freeze
   431 | D:1      | Found Puack's Book Shop.
   431 | D:1      | Noticed a walking frostbound tome
   431 | D:1      | Noticed a walking crystal tome
  1161 | D:2      | Reached XP level 4. HP: 29/31 MP: 0/0
  1315 | D:2      | Reached skill level 4 in Spellcasting
  1315 | D:2      | Reached skill level 4 in Conjurations
  1315 | D:2      | Reached skill level 4 in Hexes
  1315 | D:2      | Reached skill level 4 in Summonings
  1315 | D:2      | Reached skill level 4 in Necromancy
  1315 | D:2      | Reached skill level 4 in Translocations
  1315 | D:2      | Reached skill level 4 in Transmutations
  1315 | D:2      | Reached skill level 4 in Fire Magic
  1315 | D:2      | Reached skill level 4 in Ice Magic
  1315 | D:2      | Reached skill level 4 in Air Magic
  1315 | D:2      | Reached skill level 4 in Earth Magic
  1315 | D:2      | Reached skill level 4 in Poison Magic
  2438 | D:4      | Noticed Natasha
  2449 | D:4      | HP: 3/31 [Natasha (7)]
  2450 | D:4      | Killed Natasha
  2451 | D:4      | Reached XP level 5. HP: 2/35 MP: 0/0
  2451 | D:4      | Learned a level 2 spell: Passwall
  2604 | D:4      | Noticed Natasha
  2608 | D:4      | Killed Natasha
  2627 | D:4      | Noticed Natasha
  2637 | D:4      | Killed Natasha
  2777 | D:4      | Reached skill level 5 in Spellcasting
  2777 | D:4      | Reached skill level 5 in Conjurations
  2777 | D:4      | Reached skill level 5 in Hexes
  2777 | D:4      | Reached skill level 5 in Summonings
  2777 | D:4      | Reached skill level 5 in Necromancy
  2777 | D:4      | Reached skill level 5 in Translocations
  2777 | D:4      | Reached skill level 5 in Transmutations
  2777 | D:4      | Reached skill level 5 in Fire Magic
  2777 | D:4      | Reached skill level 5 in Ice Magic
  2777 | D:4      | Reached skill level 5 in Air Magic
  2777 | D:4      | Reached skill level 5 in Earth Magic
  2777 | D:4      | Reached skill level 5 in Poison Magic
  3046 | D:4      | Reached XP level 6. HP: 36/41 MP: 0/0
  3079 | D:5      | Entered Level 5 of the Dungeon
  3101 | D:5      | Reached skill level 1 in Fighting
  3109 | D:5      | Found a staircase to the Ecumenical Temple.
  3119 | Temple   | Entered the Ecumenical Temple
  3126 | Temple   | Became a worshipper of Makhleb the Destroyer
  3141 | D:5      | Reached skill level 2 in Fighting
  3277 | D:5      | Found a sand-covered staircase.
  3288 | Ossuary  | Entered an ossuary
  3542 | Ossuary  | Reached XP level 7. HP: 48/49 MP: 0/0
  3542 | Ossuary  | Learned a level 3 spell: Gell's Gravitas
  3768 | D:5      | Reached skill level 3 in Fighting
  4043 | D:6      | Reached skill level 4 in Fighting
  4046 | D:6      | Reached skill level 6 in Spellcasting
  4046 | D:6      | Reached skill level 6 in Conjurations
  4046 | D:6      | Reached skill level 6 in Hexes
  4046 | D:6      | Reached skill level 6 in Summonings
  4046 | D:6      | Reached skill level 6 in Necromancy
  4046 | D:6      | Reached skill level 6 in Translocations
  4046 | D:6      | Reached skill level 6 in Transmutations
  4046 | D:6      | Reached skill level 6 in Fire Magic
  4046 | D:6      | Reached skill level 6 in Ice Magic
  4046 | D:6      | Reached skill level 6 in Air Magic
  4046 | D:6      | Reached skill level 6 in Earth Magic
  4046 | D:6      | Reached skill level 6 in Poison Magic
  4046 | D:6      | Reached XP level 8. HP: 53/58 MP: 0/0
  4384 | D:6      | Reached skill level 5 in Fighting
  4542 | D:6      | Noticed Menkaure
  4545 | D:6      | Killed Menkaure
  4721 | D:6      | Noticed Maggie
  4737 | D:6      | Killed Maggie
  4738 | D:6      | Reached skill level 6 in Fighting
  4738 | D:6      | Reached skill level 7 in Spellcasting
  4738 | D:6      | Reached skill level 7 in Conjurations
  4738 | D:6      | Reached skill level 7 in Hexes
  4738 | D:6      | Reached skill level 7 in Summonings
  4738 | D:6      | Reached skill level 7 in Necromancy
  4738 | D:6      | Reached skill level 7 in Translocations
  4738 | D:6      | Reached skill level 7 in Transmutations
  4738 | D:6      | Reached skill level 7 in Fire Magic
  4738 | D:6      | Reached skill level 7 in Ice Magic
  4738 | D:6      | Reached skill level 7 in Air Magic
  4738 | D:6      | Reached skill level 7 in Earth Magic
  4738 | D:6      | Reached skill level 7 in Poison Magic
  4738 | D:6      | Reached XP level 9. HP: 39/67 MP: 0/0
  4738 | D:6      | Learned a level 4 spell: Iskenderun's Mystic Blast
  5010 | D:6      | Reached * piety under Makhleb
  5011 | D:6      | Reached skill level 7 in Fighting
  5869 | D:7      | Noticed Pikel
  5874 | D:7      | Killed Pikel
  5875 | D:7      | Reached skill level 8 in Fighting
  5875 | D:7      | Reached skill level 8 in Spellcasting
  5875 | D:7      | Reached skill level 8 in Conjurations
  5875 | D:7      | Reached skill level 8 in Hexes
  5875 | D:7      | Reached skill level 8 in Summonings
  5875 | D:7      | Reached skill level 8 in Necromancy
  5875 | D:7      | Reached skill level 8 in Translocations
  5875 | D:7      | Reached skill level 8 in Transmutations
  5875 | D:7      | Reached skill level 8 in Fire Magic
  5875 | D:7      | Reached skill level 8 in Ice Magic
  5875 | D:7      | Reached skill level 8 in Air Magic
  5875 | D:7      | Reached skill level 8 in Earth Magic
  5875 | D:7      | Reached skill level 8 in Poison Magic
  5875 | D:7      | Reached XP level 10. HP: 69/76 MP: 0/0
  5901 | D:7      | You are sucked into a shaft and drop 1 floor!
  5917 | D:8      | Noticed Erica
  5936 | D:8      | Killed Erica
  5937 | D:8      | Reached skill level 9 in Fighting
  6212 | D:8      | Reached skill level 9 in Spellcasting
  6212 | D:8      | Reached skill level 9 in Conjurations
  6212 | D:8      | Reached skill level 9 in Hexes
  6212 | D:8      | Reached skill level 9 in Summonings
  6212 | D:8      | Reached skill level 9 in Necromancy
  6212 | D:8      | Reached skill level 9 in Translocations
  6212 | D:8      | Reached skill level 9 in Transmutations
  6212 | D:8      | Reached skill level 9 in Fire Magic
  6212 | D:8      | Reached skill level 9 in Ice Magic
  6212 | D:8      | Reached skill level 9 in Air Magic
  6212 | D:8      | Reached skill level 9 in Earth Magic
  6212 | D:8      | Reached skill level 9 in Poison Magic
  6387 | D:8      | Reached skill level 10 in Fighting
  6691 | D:8      | Noticed Prince Ribbit
  6701 | D:8      | Killed Prince Ribbit
  7253 | D:9      | Noticed a two-headed ogre
  7262 | D:9      | Reached ** piety under Makhleb
  7265 | D:9      | Killed a two-headed ogre
  7266 | D:9      | Reached skill level 3 in Dodging
  7266 | D:9      | Reached XP level 11. HP: 57/85 MP: 0/0
  7266 | D:9      | Learned a level 5 spell: Iskenderun's Battlesphere
  7270 | D:9      | Reached skill level 4 in Dodging
  7430 | D:9      | Noticed a deep elf pyromancer
  7430 | D:9      | Noticed a deep elf pyromancer
  7431 | D:9      | Noticed a tengu warrior
  7434 | D:9      | Noticed a cyclops
  7434 | D:9      | Noticed a manticore
  7441 | D:9      | Noticed a centaur warrior
  7451 | D:9      | Reached skill level 5 in Dodging
  7463 | D:9      | Found a staircase to the Lair.
  7564 | D:9      | Found Loblo's Distillery.
  7573 | D:9      | Bought a potion of brilliance for 52 gold pieces
  7573 | D:9      | Bought a potion of heal wounds for 65 gold pieces
  7573 | D:9      | Bought a potion of resistance for 130 gold pieces
  7573 | D:9      | Bought a potion of haste for 130 gold pieces
  7573 | D:9      | Bought a potion of enlightenment for 65 gold pieces
  7603 | D:9      | Found a broken altar of Ashenzari.
  7603 | D:9      | Noticed a two-headed ogre
  7603 | D:9      | Noticed a tengu warrior
  7603 | D:9      | Noticed a cyclops
  7603 | D:9      | Noticed an entropy weaver
  7603 | D:9      | Noticed a manticore
  7608 | D:9      | Killed a cyclops
  7608 | D:9      | Noticed a boulder beetle
  7608 | D:9      | Noticed a cyclops
  7609 | D:9      | Reached skill level 1 in Armour
  7618 | D:9      | Killed a cyclops
  7630 | D:9      | Demolished by a boulder beetle

Vanquished Creatures
  Erica (D:8)
  A two-headed ogre (D:9)
  Pikel (D:7)
  2 cyclopes (D:9)
  Maggie (D:6)
  A troll (D:9)
  Prince Ribbit (D:8)
  A wraith (D:9)
  6 yaks (D:8)
  A wyvern (D:9)
  2 steam dragons (D:9)
  Menkaure (D:6)
  2 water moccasins (D:7)
  A sky beast (D:8)
  2 ice beasts
  4 ogres
  2 centaurs
  2 phantoms (D:5)
  4 kobold brigands
  2 bullfrogs
  9 wights
  7 killer bees
  3 hounds
  2 jellies
  6 iguanas
  A sleepcap (D:6)
  Natasha (thrice) (D:4)
  7 orc wizards
  3 mummies (Ossuary)
  4 adders
  2 white imps
  An ufetubus (D:6)
  4 worms
  4 dart slugs
  10 orcs
  9 ball pythons
  7 endoplasms
  6 giant cockroaches
  A gnoll zombie (Ossuary)
  9 goblins
  5 hobgoblins
  4 quokkas
  8 bats
  4 frilled lizards
  2 goblin zombies (Ossuary)
  A hobgoblin zombie (Ossuary)
  17 kobolds
  2 kobold zombies (Ossuary)
  2 orc zombies (Ossuary)
  4 rats
185 creatures vanquished.

Vanquished Creatures (others)
  An orc (D:9)
  410 foxfires
411 creatures vanquished.

Grand Total: 596 creatures vanquished

Table legend: (Time is in decaauts)
 A = Elapsed time spent in this place.
 B = Non-inter-level travel time spent in this place.
 C = Inter-level travel time spent in this place.
 D = Time resting spent in this place.
 E = Time spent auto-exploring this place.
 F = Levels seen in this place.
 G = Mean time per level.
                   A        B        C        D        E       F      G
               +--------+--------+--------+--------+--------+-----+--------+
         Total |   7621 |   7395 |    226 |    275 |   5733 |  11 |  692.8 |
       Dungeon |   7201 |   6981 |    220 |    125 |   5578 |   9 |  800.1 |
        Temple |     14 |      8 |      6 |      0 |      0 |   1 |   14.0 |
       Ossuary |    404 |    404 |      0 |    150 |    155 |   1 |  404.0 |
               +--------+--------+--------+--------+--------+-----+--------+

Top non-repeatable levels by time:
     D:8: 1350 daAuts
     D:6: 1203 daAuts
     D:3: 883 daAuts
     D:2: 870 daAuts
     D:1: 803 daAuts
     D:7: 679 daAuts
     D:4: 521 daAuts
     D:5: 518 daAuts
 Ossuary: 404 daAuts
     D:9: 371 daAuts
  Temple: 14 daAuts

Table legend:
 A = Non-vault XP
 B = Vault XP
 C = Vault XP percentage of total XP
 D = Non-vault monster count
 E = Vault monster count
 F = Vault count percentage of total count
                 A         B        C        D         E       F
            +---------+---------+-------+---------+---------+-------
      Total |    7413 |    3420 |  31.6 |     163 |      22 |  11.9
            +---------+---------+-------+---------+---------+-------
        D:1 |      41 |       8 |  16.3 |      25 |       3 |  10.7
        D:2 |      46 |       0 |   0.0 |      26 |       0 |   0.0
        D:3 |      27 |       0 |   0.0 |       6 |       0 |   0.0
        D:4 |     148 |      35 |  19.1 |      13 |       1 |   7.1
        D:5 |     581 |       0 |   0.0 |      11 |       0 |   0.0
        D:6 |    1106 |     545 |  33.0 |      24 |       2 |   7.7
        D:7 |     728 |     629 |  46.4 |       8 |       1 |  11.1
        D:8 |    2390 |    1125 |  32.0 |      30 |       2 |   6.2
        D:9 |    2346 |    1015 |  30.2 |      20 |       2 |   9.1
    Ossuary |       0 |      63 | 100.0 |       0 |      11 | 100.0
            +---------+---------+-------+---------+---------+-------
